 Dungeon Crawl Stone Soup version 0.24-a0-108-g011bc4b (webtiles) character file.

Game seed: 3636297546484217696

23754 galech the Cleaver (level 12, -4/94 HPs)
             Began as a Demonspawn Fighter on Feb 14, 2019.
             Was the Champion of Okawaru.
             Slain by a yak (10 damage)
             ... on level 3 of the Lair of Beasts.
             The game lasted 00:23:30 (11307 turns).

galech the Cleaver (Demonspawn Fighter)            Turns: 11307, Time: 00:23:30

Health: -4/94      AC: 23    Str: 21    XL:     12   Next: 74%
Magic:  22/22      EV: 13    Int: 20    God:    Okawaru [******]
Gold:   861        SH: 15    Dex: 16    Spells: 11/11 levels left

rFire    + + +     SeeInvis .   v - +11 falchion of Indomitability {flame, rF+ MP+9 Str+3 Int+3}
rCold    . . .     Gourm    .   t - +1 shield {reflect}
rNeg     + + +     Faith    .   T - +2 chain mail {rF+}
rPois    .         Spirit   .   M - +2 hat {MR+}
rElec    .         Reflect  +   N - +0 cloak
rCorr    .         Harm     .   p - +1 pair of gloves
MR       +....                  (no boots)
Stlth    ..........             r - amulet "Osolar" {*Slow rN+++ Regen+ Int+7}
HPRegen  0.65/turn              L - ring of protection from fire
MPRegen  0.18/turn              n - +2 ring of slaying

@: lethally poisoned (-4 -> -4), heroism
A: claws 2, thin metallic scales 1, foul stench 1, powered by death 1, rot
immunity
a: Heroism, Finesse, Renounce Religion


You were on level 3 of the Lair of Beasts.
You worshipped Okawaru.
Okawaru was exalted by your worship.
You were not hungry.

You visited 2 branches of the dungeon, and saw 12 of its levels.
You also visited: Sewer and Volcano.

You collected 861 gold pieces.

Inventory:

Hand Weapons
 a - a +0 war axe
 v - the +11 falchion of Indomitability (weapon) {flame, rF+ MP+9 Str+3 Int+3}
   (You took it off a tengu warrior on level 8 of the Dungeon)

   It has been specially enchanted to burn those struck by it, causing extra
   injury to most foes and up to half again as much damage against particularly
   susceptible opponents.
   Big, fiery blades are also staple armaments of hydra-hunters.
   It affects your strength (+3).
   It affects your intelligence (+3).
   It protects you from fire.
   It affects your magic capacity (+9).
 G - a +4 war axe
 I - a +1 hand axe of chopping
 J - a +3 hand axe of venom
Armour
 p - a +1 pair of gloves (worn)
 t - a +1 shield of reflection (worn)
 M - a +2 hat of magic resistance (worn)
 N - a +0 cloak (worn)
 P - a +1 chain mail of positive energy
 T - a +2 chain mail of fire resistance (worn)
Jewellery
 d - a +4 ring of strength
 m - an uncursed amulet of the gourmand
 n - a +2 ring of slaying (right hand)
 r - the amulet "Osolar" (around neck) {*Slow rN+++ Regen+ Int+7}
   (You found it on level 8 of the Dungeon)

   [amulet of regeneration]

   It affects your intelligence (+7).
   It renders you almost immune to negative energy.
   It increases your rate of regeneration.
   It may slow you when you take damage.
 y - an uncursed ring of protection from cold
 F - an uncursed amulet of the acrobat
 L - a ring of protection from fire (left hand)
 O - the cursed necklace of Bloodlust {*Rage +Rage MR++ Int-3 Slay+6 *Curse}
   (You found it on level 9 of the Dungeon)

   [amulet of rage]

   It affects your intelligence (-3).
   It affects your accuracy and damage with ranged weapons and melee attacks
   (+6).
   It affects your resistance to hostile enchantments.
   It lets you go berserk.
   It may make you go berserk in combat.
   It curses itself when equipped.
   It has a curse placed upon it.
 Y - an uncursed ring of fire {unknown}
Wands
 i - a wand of acid (3)
 j - a wand of polymorph (10)
 x - a wand of iceblast (12)
 C - a wand of random effects (9)
 H - a wand of flame (7)
 R - a wand of digging (11)
 U - a wand of enslavement (3)
 V - a wand of clouds (5)
 Z - a wand of paralysis (13)
Scrolls
 g - 3 scrolls of blinking
 l - a scroll of noise
 o - 2 scrolls of immolation
 q - 5 scrolls of teleportation
 s - a scroll of fear
 u - 2 scrolls of fog
 z - 7 scrolls of remove curse
 B - 4 scrolls of amnesia
 Q - a scroll of enchant weapon
 W - 2 scrolls of identify
Potions
 b - 3 potions of brilliance
 h - a potion of agility
 k - 3 potions of resistance
 w - 6 potions of curing
 A - 2 potions of haste {unknown}
 D - 4 potions of flight {unknown}
 E - a potion of ambrosia {unknown}
 K - a potion of degeneration {unknown}
 S - a potion of mutation {unknown}
 X - a potion of lignification {unknown}
Comestibles
 c - 6 chunks of flesh
 f - 26 rations


   Skills:
 + Level 8.8(13.8) Fighting
 + Level 7.6(12.6) Long Blades
 + Level 11.3(16.3) Axes
 + Level 8.5(13.5) Armour
 + Level 3.3(8.3) Dodging
 + Level 1.6(6.6) Stealth
 + Level 9.2(14.2) Shields
 + Level 2.3 Invocations


You had 11 spell levels left.
You didn't know any spells.
Your spell library contained the following spells:

 Spells                   Type           Power        Failure   Level  Hunger
 Animate Skeleton         Necr           N/A          75%         1    ##.....
 Apportation              Tloc           #.....       75%         1    ##.....
 Confusing Touch          Hex            #.....       75%         1    ##.....
 Pain                     Necr           #...         75%         1    ##.....
 Summon Butterflies       Summ           #.......     75%         1    ##.....
 Summon Small Mammal      Summ           #...         75%         1    ##.....
 Lesser Beckoning         Tloc           #.........   98%         3    ####...
 Regeneration             Chrm/Necr      #.........   98%         3    ####...
 Tukima's Dance           Hex            #.......     98%         3    ####...
 Vampiric Draining        Necr           #.........   98%         3    ####...
 Animate Dead             Necr           N/A          100%        4    #####..
 Alistair's Intoxication  Tmut/Pois      #.......     100%        5    ######.
 Invisibility             Hex            #.......     100%        6    #######


Dungeon Overview and Level Annotations

Branches:
Dungeon (9/15)             Temple (0/1) D:6            Lair (3/6) D:9
 Shoals (0/4) Lair:3        Snake (0/4) Lair:2          Orc (0/2) D:9

Altars:
Nemelex Xobeh
Okawaru
Sif Muna
Uskayaw
Vehumet
Xom
Zin
The Shining One

Annotations:
D:6 2 transporters, Lanoc's ghost, novice DsGl
D:7 1 runed translucent door, exclusion: oklob plant, Tungsten's ghost, novice OgHu
Lair:2 exclusion: 3 oklob plants


Innate Abilities, Weirdness & Mutations

You have very sharp fingernails.
You are partially covered in thin metallic scales. (AC +2)
You may emit foul miasma when damaged in melee.
You regenerate a little health from kills.
You are immune to rotting.


Message History

You barely miss the yak. The yak gores you.
* * * LOW HITPOINT WARNING * * *
You closely miss the yak. You slash the yak! You burn the yak.
The yak is moderately wounded.
You feel sick. The yak gores you but does no damage.
You slash the yak! You burn the yak.
The yak is almost dead.
The yak gores you but does no damage.
You slash the yak! You burn the yak.
You kill the yak!
Okawaru accepts your kill. You block the yak's attack. The yak gores you!
* * * LOW HITPOINT WARNING * * *
The yak looks sick.
You emit a cloud of foul miasma!
You feel sick.
You hit the yak. You burn the yak.
The yak is severely wounded.
The yak gores you!
You die...

,,,,,,,,,,,,,,.#.*****≈≈≈+***#..#
,,,,,,,,,,****#..*≈≈≈*****≈≈≈#.##
**,,,,,,*** *..*≈≈≈*≈≈≈*≈≈≈#.##
*,,,,,,,,* *#.*≈≈≈*≈≈≈*≈≈≈#.#.
*,,**,,,** ##.+###≈≈≈≈≈####.#.
,,**,,,,* #P....#######....#.
,,,,,,,,** *#Y...............(
,,**,,,,,* ##Y...............
*,,**,,,** #@#...............
,,,*,,,,* ####.............#
*,**,,,,* ##............#
,,,,,,,,* #...#........#
,,,,,,,,* #######......#
,,,,,,,,* *........ ,,,,,,,,*
##....... ,,,,,,*** *,,,,,,,
,,,,*** *,,,,,,*


You could see a yak.

Vanquished Creatures
  Gastronok (D:8)
  Harold (D:7)
  5 two-headed ogres
  An ogre mage (Volcano)
  A tengu warrior (D:8)
  A hell knight (Volcano)
  Pikel (D:7)
  A black mamba (Lair:3)
  An ugly thing (D:9)
  Psyche (D:8)
  2 molten gargoyles (Volcano)
  A gargoyle (D:8)
  2 spiny frogs
  4 komodo dragons
  A troll (D:8)
  A hornet (D:8)
  A hippogriff (Lair:2)
  4 blink frogs (Lair:2)
  A spriggan (D:9)
  Sigmund (D:5)
  15 yaks
  2 fire bats (Volcano)
  2 basilisks (Lair:1)
  2 hungry ghosts (D:9)
  A steam dragon (D:8)
  Edmund (D:6)
  A two-headed ogre zombie (D:9)
  3 water moccasins
  4 porcupines
  Purgy (Sewer)
  A slave (D:7)
  5 orc warriors
  2 black bears
  A hornet zombie (D:8)
  3 phantoms
  A sky beast (D:9)
  4 ice beasts
  9 wolves
  5 ogres
  2 necrophages (D:8)
  4 centaurs
  9 crocodiles
  10 bullfrogs
  A big kobold (D:6)
  A wyvern zombie (D:9)
  A scorpion (D:8)
  A killer bee (D:8)
  12 wights
  A bullfrog zombie (D:6)
  5 lava snakes (Volcano)
  6 crimson imps
  2 howler monkeys
  2 quasits
  3 hounds
  2 jellies (D:8)
  4 orc priests
  A centaur skeleton (D:8)
  7 orc wizards
  3 iguanas
  12 worker ants
  6 ogre zombies (D:9)
  4 hound skeletons
  13 adders
  A shadow imp (D:8)
  An ooze (D:2)
  2 adder skeletons
  An adder zombie (D:8)
  3 worms
  3 dart slugs
  3 leopard geckos
  19 orcs
  2 ball pythons
  17 bats
  3 giant cockroaches
  13 goblins
  6 hobgoblins
  19 jackals
  A quokka (D:6)
  6 frilled lizards
  A goblin skeleton (D:9)
  3 goblin zombies (D:9)
  2 hobgoblin skeletons (D:9)
  A hobgoblin zombie (D:9)
  13 kobolds
  A leopard gecko zombie (D:8)
  2 orc skeletons (D:9)
  16 orc zombies (D:9)
  5 rats
351 creatures vanquished.

Vanquished Creatures (others)
  An orc wizard (D:5)
  A fungus (D:9)
  2 plants (Lair:2)
  2 withered plants (D:7)
6 creatures vanquished.

Grand Total: 357 creatures vanquished

Notes
Turn   | Place    | Note
-------+----------+-------------------------------------------
     0 | D:1      | galech the Demonspawn Fighter began the quest for the Orb.
     0 | D:1      | Reached XP level 1. HP: 18/18 MP: 1/1
    51 | D:1      | Gained mutation: You have sharp fingernails. [demonic
                  | ancestry]
    51 | D:1      | Reached XP level 2. HP: 11/24 MP: 2/2
   165 | D:1      | Reached skill level 2 in Axes
   318 | D:1      | Found an iron altar of Okawaru.
   342 | D:1      | Became a worshipper of Warmaster Okawaru
   483 | D:1      | Gained mutation: You regenerate a little health from kills.
                  | [demonic ancestry]
   483 | D:1      | Reached XP level 3. HP: 29/29 MP: 3/3
   724 | D:2      | Gained mutation: You are partially covered in thin metallic
                  | scales. (AC +2) [demonic ancestry]
   724 | D:2      | Reached XP level 4. HP: 26/36 MP: 4/4
  1301 | D:3      | Reached skill level 3 in Axes
  1455 | D:3      | Noticed an ogre
  1463 | D:3      | Killed an ogre
  1463 | D:3      | Reached XP level 5. HP: 23/42 MP: 5/5
  1779 | D:4      | Noticed an ogre
  1783 | D:4      | Noticed a phantom
  1790 | D:3      | Reached skill level 4 in Axes
  2065 | D:4      | Gained mutation: You have very sharp fingernails. [demonic
                  | ancestry]
  2065 | D:4      | Reached XP level 6. HP: 46/48 MP: 6/6
  2123 | D:4      | Got a brightly glowing leather armour
  2134 | D:4      | Identified the cursed +1 leather armour of Disguise {Str+3
                  | Int+3} (You found it on level 4 of the Dungeon)
  2225 | D:4      | Reached * piety under Okawaru
  2245 | D:4      | Gained mutation: You are immune to rotting. [demonic
                  | ancestry]
  2245 | D:4      | Reached XP level 7. HP: 51/55 MP: 7/7
  2322 | D:4      | Reached skill level 5 in Axes
  2541 | D:5      | Entered Level 5 of the Dungeon
  2808 | D:5      | Reached skill level 6 in Axes
  2900 | D:5      | Found a shimmering altar of Xom.
  2923 | D:5      | Reached skill level 5 in Fighting
  2923 | D:5      | Reached XP level 8. HP: 60/62 MP: 8/8
  3043 | D:5      | Noticed Sigmund
  3059 | D:5      | Killed Sigmund
  3059 | D:5      | Reached ** piety under Okawaru
  3059 | D:5      | Reached skill level 1 in Dodging
  3697 | D:6      | Found a staircase to the Ecumenical Temple.
  3710 | D:6      | Reached skill level 7 in Axes
  4002 | D:6      | Reached skill level 8 in Axes
  4115 | D:6      | Found a glowing drain.
  4126 | Sewer    | Entered a sewer
  4152 | Sewer    | Noticed Purgy
  4172 | Sewer    | Killed Purgy
  4172 | Sewer    | Reached XP level 9. HP: 69/69 MP: 9/9
  4240 | D:6      | Found a transporter.
  4483 | D:6      | Found a transporter.
  4483 | D:6      | Noticed Lanoc's ghost (novice DsGl)
  4530 | D:6      | Noticed Edmund
  4548 | D:6      | Killed Edmund
  4772 | D:7      | Noticed Harold
  4779 | D:7      | HP: 3/69 [acid (9)]
  4786 | D:7      | Killed Harold
  4786 | D:7      | Reached *** piety under Okawaru
  4786 | D:7      | Reached skill level 9 in Axes
  4786 | D:7      | Reached skill level 5 in Shields
  5000 | D:7      | Noticed Pikel
  5017 | D:7      | Killed Pikel
  5017 | D:7      | Reached skill level 5 in Armour
  5343 | D:7      | Found a runed translucent door.
  5344 | D:7      | Noticed Tungsten's ghost (novice OgHu)
  5429 | D:7      | Found an iron altar of Okawaru.
  5429 | D:7      | Noticed an oklob plant
  5457 | D:7      | Reached **** piety under Okawaru
  5605 | D:7      | Found a deep blue altar of Sif Muna.
  5618 | D:7      | Found a radiant altar of Vehumet.
  5622 | D:7      | Found a glowing silver altar of Zin.
  5628 | D:7      | Found a hide-covered altar of Uskayaw.
  5632 | D:7      | Found a sparkling altar of Nemelex Xobeh.
  5638 | D:7      | Found a glowing golden altar of the Shining One.
  5642 | D:7      | Found a shimmering altar of Xom.
  6030 | D:8      | Reached XP level 10. HP: 66/77 MP: 10/10
  6155 | D:8      | Noticed a tengu warrior
  6536 | D:8      | Identified the +11 falchion of Indomitability {flame, rF+
                  | MP+9 Str+3 Int+3}
  6537 | D:8      | Noticed Gastronok
  6718 | D:8      | Reached skill level 10 in Axes
  7444 | D:8      | Got a slimy crystal amulet
  7446 | D:8      | Identified the amulet "Osolar" {*Slow rN+++ Regen+ Int+7}
                  | (You found it on level 8 of the Dungeon)
  7482 | D:8      | Reached ***** piety under Okawaru
  7760 | D:8      | Noticed a gargoyle
  7777 | D:8      | Killed a gargoyle
  7930 | D:8      | Killed Gastronok
  7930 | D:8      | Reached skill level 11 in Axes
  7930 | D:8      | Reached skill level 1 in Stealth
  7930 | D:8      | Reached skill level 1 in Invocations
  7930 | D:8      | Gained mutation: You may emit foul miasma when damaged in
                  | melee. [demonic ancestry]
  7930 | D:8      | Reached XP level 11. HP: 35/84 MP: 11/11
  8019 | D:8      | Killed a tengu warrior
  8111 | D:8      | Noticed Psyche
  8118 | D:8      | Killed Psyche
  8264 | D:9      | Reached ****** piety under Okawaru
  8264 | D:9      | Reached skill level 1 in Long Blades
  8387 | D:9      | Found the cursed necklace of Bloodlust {*Rage +Rage MR++
                  | Int-3 Slay+6 *Curse}
  8387 | D:9      | Noticed a red ugly thing
  8399 | D:9      | Killed a red ugly thing
  8599 | D:9      | Found a staircase to the Orcish Mines.
  8820 | D:9      | Found a staircase to the Lair.
  8931 | D:9      | Received a gift from Okawaru
  8989 | D:9      | Noticed a two-headed ogre
  8998 | D:9      | Killed a two-headed ogre
  9119 | Lair:1   | Entered Level 1 of the Lair of Beasts
  9196 | Lair:1   | Found a dark tunnel.
  9239 | Volcano  | Entered a volcano
  9496 | Volcano  | Found a bloodstained altar of Trog.
  9496 | Volcano  | Noticed a two-headed ogre
  9496 | Volcano  | Noticed an ogre mage
  9496 | Volcano  | Noticed a two-headed ogre
  9496 | Volcano  | Noticed a two-headed ogre
  9500 | Volcano  | Killed a two-headed ogre
  9524 | Volcano  | Killed a two-headed ogre
  9524 | Volcano  | Reached skill level 5 in Long Blades
  9530 | Volcano  | Killed a two-headed ogre
  9537 | Volcano  | Killed an ogre mage
  9537 | Volcano  | Reached XP level 12. HP: 39/93 MP: 13/13
  9651 | Volcano  | Noticed a two-headed ogre
  9660 | Volcano  | Killed a two-headed ogre
 10322 | Lair:2   | Found a staircase to the Snake Pit.
 10461 | Lair:2   | Received a gift from Okawaru
 11307 | Lair:3   | Slain by a yak

Levels and vault maps discovered:
D:1:      lightli_arrival_statue_moat, layout_rooms, okawaru_ov_weapons_minmay
D:2:      layout_basic, first_ration, lemuel_another_geyser
D:3:      layout_loops_cross, minmay_ogre_servants
D:4:      layout_cave_pools, grunt_decor_arrowhead
D:5:      layout_loops_ring, led_xom_imps, uniq_sigmund
D:6:      layout_cave_pools, minmay_temple_entry_stoned_glass,
          portal_sewer_entry_d, gammafunk_ghost_arena, uniq_edmund
D:7:      layout_loops_cross, grunt_temple_overflow_octagram,
          gammafunk_ghost_grave, lemuel_oklob_altar, uniq_harold, uniq_pikel
D:8:      minmay_the_grid_square_5x5_3x3
          [minmay_the_grid_square_5x5_sharp_hourglass,
          minmay_the_grid_square_5x5_fat_x,
          minmay_the_grid_square_5x5_six_small,
          minmay_the_grid_square_5x5_eight_small,
          minmay_the_grid_square_5x5_megaprize_checkered,
          minmay_the_grid_square_5x5_mess, minmay_the_grid_square_5x5_n,
          minmay_the_grid_square_5x5_two_small,
          minmay_the_grid_square_5x5_doubleslash], layout_basic, uniq_psyche,
          uniq_gastronok
D:9:      layout_loops_ring, grunt_lair_entry_orc_guard_hut, zombieorc2_lemuel,
          the_bakery, minmay_radiant
Lair:1:   layout_cave_shapes, nicolae_volcano_entry_two_sided,
          minmay_stone_trees_small, infiniplex_staircase_pool
Lair:2:   layout_regular_city, dummy_snake_entry, minmay_lair_oklob_chamber,
          grunt_megastairs_5
Lair:3:   layout_gridlike, elwin_shoals_entry_rooms,
          portal_ice_cave_entry_ice_beasts
Sewer:    sewer_big_baddie
Volcano:  volcano_lake [vl_original]

Skill      XL: |  1  2  3  4  5  6  7  8  9 10 11 12 |
---------------+-------------------------------------+-----
Axes           | 2 3 4 6 8 9 11 | 11.3
Armour         | 3 4 5 6 7 8 |  8.5
Shields        | 3 4 6 8 9 |  9.2
Fighting       | 4 5 6 7 8 |  8.8
Dodging        | 1 2 3 |  3.3
Stealth        | 1 |  1.6
Invocations    | 1 2 |  2.3
Long Blades    | 5 7 |  7.6

Action                   |  1- 3 |  4- 6 |  7- 9 | 10-12 || total
-------------------------+-------+-------+-------+-------++-------
Melee: War axe           |    95 |   129 |   375 |   165 ||   764
       Hand axe          |       |       |       |    98 ||    98
       Falchion          |       |       |       |   465 ||   465
Invok: Heroism           |       |       |     2 |    17 ||    19
       Finesse           |       |       |       |     1 ||     1
  Use: Potion            |       |     1 |     4 |     2 ||     7
       Scroll            |       |     6 |     2 |    16 ||    24
  Eat: Chunk             |       |     5 |     9 |    21 ||    35
       Ration            |       |       |     1 |       ||     1
Armor: Scale mail        |    10 |       |       |       ||    10
       Chain mail        |    58 |       |       |   180 ||   238
       Plate armour      |       |    86 |   215 |   246 ||   547
       Leather armour    |       |     5 |    36 |       ||    41
Dodge: Dodged            |    21 |    16 |    76 |   179 ||   292
Block: Shield            |    50 |    79 |   210 |   434 ||   773
       Reflection        |       |       |       |     3 ||     3
       Rpst.: Falchion   |       |       |       |    43 ||    43

Table legend:
 A = Non-vault XP
 B = Vault XP
 C = Vault XP percentage of total XP
 D = Non-vault monster count
 E = Vault monster count
 F = Vault count percentage of total count
                 A         B        C        D         E       F
            +---------+---------+-------+---------+---------+-------
      Total |   14974 |   18961 |  55.9 |     234 |     116 |  33.1
            +---------+---------+-------+---------+---------+-------
        D:1 |      43 |       0 |   0.0 |      24 |       0 |   0.0
        D:2 |      60 |       0 |   0.0 |      14 |       0 |   0.0
        D:3 |     123 |     133 |  52.0 |      27 |       9 |  25.0
        D:4 |     495 |       0 |   0.0 |      16 |       0 |   0.0
        D:5 |     566 |     425 |  42.9 |      14 |       5 |  26.3
        D:6 |     965 |     175 |  15.4 |      26 |       2 |   7.1
        D:7 |     665 |    1594 |  70.6 |      13 |       2 |  13.3
        D:8 |    1535 |    5772 |  79.0 |      32 |      24 |  42.9
        D:9 |    2617 |    2144 |  45.0 |      28 |      44 |  61.1
     Lair:1 |    1465 |       0 |   0.0 |       9 |       0 |   0.0
     Lair:2 |    4881 |    1798 |  26.9 |      25 |       9 |  26.5
     Lair:3 |    1559 |       0 |   0.0 |       6 |       0 |   0.0
      Sewer |       0 |     142 | 100.0 |       0 |       6 | 100.0
    Volcano |       0 |    6778 | 100.0 |       0 |      15 | 100.0
            +---------+---------+-------+---------+---------+-------
